 Dungeon Crawl Stone Soup version 0.22-a0-284-g99d1f7439c (webtiles) character file.

313869 Kaname the Devastator (level 20, -13/150 HPs)
             Began as a Demonspawn Wizard on Mar 21, 2018.
             Was the Champion of Vehumet.
             Shot with an arrow by a deep elf master archer (33 damage)
             ... on level 3 of the Elven Halls.
             The game lasted 05:54:19 (60253 turns).

Kaname the Devastator (Demonspawn Wizard)          Turns: 60253, Time: 05:54:20

Health: -13/150    AC: 12    Str: 10    XL:     20   Next: 47%
Magic:  29/34      EV: 14    Int: 30    God:    Vehumet [******]
Gold:   2305       SH:  4    Dex:  8    Spells: 2/39 levels left

rFire    + + .     SeeInvis .   m - +2 dagger (elec)
rCold    . . .     Gourm    .   f - +0 buckler {AC+3}
rNeg     + + +     Faith    .   x - +1 troll leather armour
rPois    .         Spirit   .   b - +1 helmet
rElec    +         Reflect  .   W - scarf {cloud immunity}
rCorr    .         Harm     .   V - +1 pair of gloves
MR       ++...                  (boots unavailable)
Stlth    +++++.....             Z - amulet of magic regeneration
HPRegen  0.75/turn              N - ring "Noecer" {Wiz rF+ Int+4}
MPRegen  0.49/turn              K - ring of Huedoen {rElec rN++ MR+ Dex-4 Slay+4}

@: no status effects
A: hooves 3, demonic guardian 2, fire resistance 1, negative energy resistance
1, 50% torment resistance, flame cloud immunity, sturdy frame 3
}: 2/15 runes: decaying, gossamer
a: Renounce Religion


You were on level 3 of the Elven Halls.
You worshipped Vehumet.
Vehumet was exalted by your worship.
You were hungry.

You visited 7 branches of the dungeon, and saw 34 of its levels.
You visited the Abyss 1 time.
You also visited: Labyrinth, Ossuary and Wizlab.

You collected 5049 gold pieces.
You spent 2744 gold pieces at shops.

Inventory:

Hand Weapons
 l - the +9 staff of Wucad Mu {channel}
   (You found it in a wizard's laboratory)
 m - a +2 dagger of electrocution (weapon)
 R - a +0 blowgun
Missiles
 n - 8 needles of confusion
 A - 3 throwing nets (quivered)
 I - 3 tomahawks of dispersal
 S - 14 curare-tipped needles
Armour
 b - a +1 helmet (worn)
 f - a +0 buckler of protection (worn)
 x - a +1 troll leather armour (worn)
 V - a +1 pair of gloves (worn)
 W - a scarf of cloud immunity (worn)
Jewellery
 w - an uncursed ring of teleportation
 K - the ring of Huedoen (right hand) {rElec rN++ MR+ Dex-4 Slay+4}
   (You took it off an orc on level 8 of the Dungeon)

   [ring of slaying]

   It affects your dexterity (-4).
   It affects your accuracy and damage with ranged weapons and melee attacks
   (+4).
   It insulates you from electricity.
   It greatly protects you from negative energy.
   It affects your resistance to hostile enchantments.
 N - the ring "Noecer" (left hand) {Wiz rF+ Int+4}
   (You bought it in a shop on level 7 of the Dungeon)

   [ring of wizardry]

   It improves your spell success rate.
   It affects your intelligence (+4).
   It protects you from fire.
 Y - an uncursed ring of see invisible
 Z - an amulet of magic regeneration (around neck)
Wands
 j - a wand of disintegration (23)
 u - a wand of paralysis (47)
 v - a wand of scattershot (8)
 H - a wand of digging (18)
 P - a wand of clouds (2)
Scrolls
 a - 4 scrolls of fear
 c - 12 scrolls of immolation
 e - a scroll of summoning
 g - 7 scrolls of amnesia
 i - 12 scrolls of teleportation
 s - a scroll of blinking
 B - a scroll of silence
 C - 11 scrolls of identify
 D - 6 scrolls of enchant weapon
 F - 3 scrolls of vulnerability
 J - 7 scrolls of fog
 L - 5 scrolls of magic mapping
 M - 4 scrolls of enchant armour
 O - 5 scrolls of brand weapon
 T - 7 scrolls of remove curse
Potions
 h - 3 potions of resistance
 k - 4 potions of ambrosia
 o - a potion of haste
 p - 4 potions of brilliance
 q - 5 potions of berserk rage
 t - 8 potions of lignification
 z - 6 potions of mutation
 E - 7 potions of flight
 G - 5 potions of might
 Q - a potion of cancellation
 X - 2 potions of agility
Miscellaneous
 r - a phial of floods
Comestibles
 d - 16 rations


   Skills:
 - Level 11.1 Fighting
 - Level 10.0 Short Blades
 - Level 7.1 Dodging
 - Level 15.0 Stealth
 - Level 4.0 Shields
 - Level 10.0 Spellcasting
 - Level 16.0 Conjurations
 + Level 14.1 Hexes
   Level 1.0 Summonings
 - Level 7.1 Necromancy
 - Level 1.0 Translocations
 - Level 6.0 Fire Magic
 - Level 6.2 Ice Magic
 - Level 6.0 Air Magic
 - Level 6.0 Earth Magic
   Level 6.0 Poison Magic


You had 2 spell levels left.
You knew the following spells:

 Your Spells              Type           Power        Failure   Level  Hunger
a - Fireball              Conj/Fire      ######....   1%          5    ###....
b - Blink                 Tloc           N/A          1%          2    None
c - Conjure Ball Lightni  Conj/Air       ######....   1%          6    #####..
d - Discord               Hex            #######...   26%         8    #######
e - Lee's Rapid Deconstr  Erth           ######....   1%          5    ###....
f - Freezing Cloud        Conj/Ice/Air   ######....   1%          6    #####..
g - Borgnjor's Vile Clut  Necr/Erth      ######....   2%          5    ###....


Dungeon Overview and Level Annotations

Branches:
Dungeon (14/15)            Temple (1/1) D:5            Lair (6/6) D:10
  Swamp (4/4) Lair:4       Spider (4/4) Lair:3        Slime (0/5) Lair:6
    Orc (2/2) D:9             Elf (3/3) Orc:2        Vaults (0/5) D:13

Altars:
Ashenzari
Cheibriados
Dithmenos
Elyvilon
Fedhas
Gozag
Hepliaklqana
Kikubaaqudgha
Makhleb
Nemelex Xobeh
Okawaru
Qazlal
Ru
Sif Muna
Trog
Uskayaw
Vehumet
Wu Jian
Xom
Yredelemnul
Zin
The Shining One
Beogh
Lugonu

Shops:
D:7 =   D:10 ?   Orc:2 *[:(   Elf:1 *   Elf:3 *


Innate Abilities, Weirdness & Mutations

You have hooves in place of feet.
A demonic guardian rushes to your aid.
Your flesh is heat resistant. (rF+)
You resist negative energy. (rN+)
You are somewhat able to resist unholy torments (1 in 2 success).
You are immune to clouds of flame.
Your movements are significantly less encumbered by armour. (ER -6)


Message History

The arrow hits you!!
* * * LOW HITPOINT WARNING * * *
Items here: $ ( ) ? [ † Unknown command.
Casting: Borgnjor's Vile Clutch (safe; 2% risk of failure)
Confirm with . or Enter, or press ? or * to list all spells.
Aiming: Fireball (safe; 1% risk of failure)
Press: ? - help, Shift-Dir - straight line The fireball explodes!
You hear a sizzling sound! x2
The fireball engulfs the deep elf master archer.
The deep elf master archer resists.
The deep elf master archer is almost dead.
The fireball engulfs the deep elf mage.
The deep elf mage is almost dead.
You hear a sizzling sound!
The zombie hands constrict the deep elf master archer.
The deep elf master archer shoots an arrow.
The arrow hits you!!
You die...

.#...##...####.........##
'#######..# ##.......##
..#...##..# ##.....## ∩...♣..#..#
##....# ..#...##..# ###))# *****
########.## #)## **,,,,
.........# #######.# **,,,,,
.######### ##...#.#)# **,,,,,, ##
#....@.[.# *,,,,,,, # #...(.##.#
*,,,,,,, # *** ###§######***
*****,,, **,** ##e)e## **,** *,,,
**,,,**##.e)..##**,,,** *,,,
**,,,,,*#..[)[..#*,,,,,** *,,,
**,,,,,,,##§.)..##,,,,,,,** *,,,
**,,,,*,,,,##..(##,,,,*,,,,***,,,
*,,,,***,,,,##e##,,,,***,,,,**,,,


You could see a deep elf master archer and a deep elf mage.

Vanquished Creatures
  Mara (Swamp:4)
  Arachne (Spider:2)
  A deep elf master archer (Elf:3)
  A deep elf blademaster (Elf:3)
  A thorn hunter (Swamp:2)
  Gastronok (Lair:1)
  The ghost of flinch the Brawler, an adept DrMo of Makhleb (Elf:2)
  Donald (Orc:2)
  5 deep elf sorcerers
  Aizul (Elf:1)
  An orc warlord (Orc:2)
  5 ghost moths
  2 deep elf elementalists (Elf:3)
  3 emperor scorpions (Spider:4)
  5 entropy weavers
  Nessos (Orc:2)
  5 deep elf demonologists
  2 deep elf annihilators (Elf:3)
  A minotaur (Lab)
  3 spark wasps
  An orange crystal statue (WizLab)
  Snorg (Lair:3)
  A fire dragon (D:14)
  An ettin (D:12)
  A deep elf death mage (Elf:3)
  7 ghost crabs
  20 hydras
  6 two-headed ogres
  Erica (D:11)
  9 alligators
  4 centaur warriors
  A queen ant (Spider:2)
  31 dancing weapons
  A tengu warrior (Swamp:3)
  3 orc high priests (Orc:2)
  2 small abominations (Elf:3)
  Nergalle (Lair:3)
  Urug (Lair:2)
  17 deep elf knights
  22 spriggans
  Sonja (D:11)
  3 spriggan druids (Swamp:2)
  12 swamp dragons
  9 deep elf archers
  4 orc knights
  2 shambling mangroves
  Pikel (D:8)
  16 orb spiders
  27 wolf spiders
  8 ugly things
  An oklob plant (Lair:3)
  53 deep elf magi
  6 orc sorcerers
  Maurice (D:8)
  2 black mambas (Lair:6)
  3 moths of wrath
  6 elephants (Lair:6)
  4 apocalypse crabs (Swamp:2)
  A torpor snail (Lair:6)
  An ice statue (Lair:5)
  Joseph (D:8)
  16 spiny frogs
  3 rime drakes
  A freezing wraith (Lair:5)
  The ghost of Infinimo the Reanimator, a novice DsNe of Sif Muna (D:6)
  10 demonic crawlers
  2 kobold demonologists (D:14)
  5 komodo dragons
  A tengu conjurer (Swamp:3)
  5 trolls
  9 polar bears
  38 jumping spiders
  29 hornets
  8 tyrant leeches
  6 bog bodies
  20 blink frogs
  7 slime creatures
  6 dream sheep (Lair:5)
  11 hippogriffs
  2 meliai zombies
  2 air elementals
  75 redbacks
  3 water elementals
  19 tarantellas
  4 wyverns
  3 wraiths
  A fire elemental (Elf:2)
  Eustachio (D:4)
  Grum (D:9)
  A basilisk (Lair:1)
  A hungry ghost (D:14)
  11 vampire mosquitoes
  30 yaks
  Edmund (D:6)
  11 insubstantial wisps
  19 swamp worms
  An acid dragon (D:12)
  19 soldier ants
  9 water moccasins
  3 wargs
  4 slaves (D:8)
  8 porcupines
  12 swamp drakes
  4 black bears (Lair:6)
  A hornet zombie (D:10)
  A necrophage (D:14)
  5 ice beasts
  4 sky beasts
  4 eyes of draining
  40 orc warriors
  A tengu (shapeshifter) (Elf:2)
  4 ogres
  45 wolves
  3 boggarts (Lair:6)
  21 centaurs
  11 crocodiles
  2 big kobolds
  15 bullfrogs
  4 earth elementals
  A gnoll sergeant (D:6)
  4 scorpions
  5 killer bees (D:11)
  3 wights (D:10)
  7 howler monkeys
  2 electric eels (Spider:2)
  A centaur zombie (D:7)
  4 crimson imps
  A quasit (D:7)
  2 bullfrog zombies
  17 jellies
  10 hounds
  2 bullfrog skeletons
  24 orc priests
  A gnoll shaman (Orc:1)
  25 orc wizards
  Jessica (D:2)
  Ijyb (D:4)
  6 iguanas
  33 worker ants
  A big kobold zombie (Ossuary)
  A hound zombie (D:6)
  8 mummies (Ossuary)
  2 hound skeletons
  8 gnolls
  10 adders
  4 shadow imps
  A white imp (Lair:5)
  An ooze (D:4)
  An adder zombie (D:5)
  2 adder skeletons (D:4)
  2 worms (D:3)
  2 dart slugs
  2 leopard geckos
  97 orcs
  10 bats
  6 giant cockroaches
  A gnoll zombie (Ossuary)
  7 goblins
  5 hobgoblins
  2 jackals (D:5)
  4 quokkas
  A ball python (D:5)
  5 frilled lizards
  4 hobgoblin zombies (Ossuary)
  17 kobolds
  2 orc zombies (Ossuary)
  A quokka zombie (D:5)
  7 rats
  A briar patch (Swamp:2)
  2 crawling corpses (Elf:2)
  2 fungi
  3 plants (Lair:3)
1291 creatures vanquished.

Vanquished Creatures (collateral kills)
  the Lernaean hydra (Swamp:4)
  A deep elf blademaster (Elf:3)
  2 deep elf sorcerers (Elf:3)
  An entropy weaver (Spider:4)
  A deep elf demonologist (Elf:3)
  5 deep elf death magi
  Josephine (D:11)
  A deep elf high priest (Elf:3)
  A hydra (Swamp:4)
  An alligator (Swamp:2)
  A centaur warrior (D:13)
  A two-headed ogre (D:11)
  2 dancing weapons
  A deep elf knight (Elf:2)
  A small abomination (Elf:2)
  2 swamp dragons
  An orc knight (Orc:2)
  An orb spider (Spider:4)
  6 deep elf magi
  A wolf spider (Spider:4)
  2 oklob plants (Lair:3)
  3 spiny frogs
  A centaur skeleton (D:11)
  A torpor snail (Spider:2)
  A polar bear (Lair:2)
  A jumping spider (Spider:4)
  A hornet (D:11)
  A blink frog (Lair:1)
  5 dream sheep (Lair:5)
  A shadow (D:11)
  2 redbacks
  8 yaks
  3 wraiths (D:11)
  A water moccasin (Lair:2)
  4 orc warriors
  2 porcupines
  A black bear (Lair:2)
  An ogre (D:3)
  3 wolves
  A centaur (D:11)
  5 orc priests
  3 orc wizards
  2 worker ants
  A gnoll (D:6)
  A shadow imp (D:7)
  7 orcs
  A quokka (D:10)
  A kobold (D:7)
  2 crawling corpses
  A fungus (Lair:5)
99 creatures vanquished.

Vanquished Creatures (others)
  A spriggan druid (Swamp:2)
  33 ball lightnings
  A tyrant leech (Spider:4)
  A swamp worm (Swamp:4)
  A sky beast (D:11)
  A howler monkey (D:4)
  An orc wizard (D:4)
  10 fungi
  8 plants
57 creatures vanquished.

Grand Total: 1447 creatures vanquished

Notes
Turn   | Place    | Note
-------+----------+-------------------------------------------
     0 | D:1      | Kaname the Demonspawn Wizard began the quest for the Orb.
     0 | D:1      | Reached XP level 1. HP: 13/13 MP: 4/4
   414 | D:1      | Reached skill level 2 in Conjurations
   436 | D:1      | Gained mutation: Your movements are slightly less encumbered by armour. (ER -2) [demonic ancestry]
   436 | D:1      | Reached XP level 2. HP: 19/19 MP: 3/6
  1545 | D:2      | Found a snail-covered altar of Cheibriados.
  1567 | D:2      | Learned a level 2 spell: Blink
  1904 | D:2      | Noticed a centaur
  1964 | D:2      | Found a deep blue altar of Sif Muna.
  2020 | D:2      | Reached skill level 3 in Conjurations
  2112 | D:2      | Noticed Jessica
  2115 | D:2      | Killed Jessica
  2115 | D:2      | Gained mutation: A weak demonic guardian rushes to your aid. [demonic ancestry]
  2115 | D:2      | Reached XP level 3. HP: 24/24 MP: 4/7
  2157 | D:2      | Learned a level 3 spell: Mephitic Cloud
  2309 | D:3      | Found a white marble altar of Elyvilon.
  2435 | D:3      | Gained mutation: You have large cloven feet. [demonic ancestry]
  2435 | D:3      | Reached XP level 4. HP: 30/30 MP: 5/8
  2532 | D:3      | Reached skill level 4 in Conjurations
  2546 | D:3      | Found a radiant altar of Vehumet.
  2551 | D:3      | Became a worshipper of Vehumet
  2559 | D:3      | Reached skill level 1 in Translocations
  2699 | D:3      | Noticed an ogre
  2703 | D:3      | Killed an ogre
  3070 | D:3      | Reached XP level 5. HP: 32/35 MP: 0/9
  3403 | D:3      | Found a white marble altar of Elyvilon.
  3522 | D:3      | Found a radiant altar of Vehumet.
  3928 | D:2      | Killed a centaur
  3928 | D:2      | Reached skill level 5 in Conjurations
  4044 | D:4      | Found a shimmering altar of Xom.
  4268 | D:4      | Noticed Eustachio
  4546 | D:4      | Found an ornate altar of the Wu Jian Council.
  4860 | D:4      | Noticed Ijyb
  4904 | D:4      | Gained mutation: Your flesh is heat resistant. (rF+) [demonic ancestry]
  4904 | D:4      | Reached XP level 6. HP: 36/41 MP: 5/10
  4910 | D:4      | Reached * piety under Vehumet
  4910 | D:4      | Offered knowledge of Shock by Vehumet.
  4925 | D:4      | Killed Ijyb
  5270 | D:4      | Found an ornate altar of the Wu Jian Council.
  5658 | D:4      | Found a shimmering altar of Xom.
  6017 | D:4      | Killed Eustachio
  6066 | D:5      | Entered Level 5 of the Dungeon
  6426 | D:5      | Found a shadowy altar of Dithmenos.
  6484 | D:5      | Gained mutation: Your movements are less encumbered by armour. (ER -4) [demonic ancestry]
  6484 | D:5      | Reached XP level 7. HP: 46/46 MP: 6/11
  6562 | D:5      | Reached skill level 6 in Conjurations
  6707 | D:5      | Learned a level 3 spell: Conjure Flame
  7066 | D:5      | Found a shadowy altar of Dithmenos.
  7205 | D:6      | Noticed Edmund
  7230 | D:6      | Noticed Infinimo's ghost (novice DsNe)
  7428 | D:6      | Reached skill level 1 in Air Magic
  7434 | D:6      | Reached skill level 1 in Short Blades
  7442 | D:6      | Killed Infinimo's ghost
  7442 | D:6      | Gained mutation: Your movements are significantly less encumbered by armour. (ER -6) [demonic ancestry]
  7442 | D:6      | Reached XP level 8. HP: 27/52 MP: 5/14
  7820 | D:6      | Killed Edmund
  8218 | D:6      | Reached skill level 7 in Conjurations
  8691 | D:7      | Found a sand-covered staircase.
  8755 | D:7      | Reached skill level 8 in Conjurations
  8775 | D:7      | Reached ** piety under Vehumet
  8781 | D:7      | Reached skill level 1 in Fighting
  8795 | D:7      | Offered knowledge of Flame Tongue by Vehumet.
  8882 | Ossuary  | Entered an ossuary
  9154 | Ossuary  | Gained mutation: You have hoof-like feet. [demonic ancestry]
  9154 | Ossuary  | Reached XP level 9. HP: 62/62 MP: 10/15
  9542 | D:7      | Found Agasefo's Jewellery Emporium.
  9871 | D:7      | Found Agasefo's Jewellery Emporium.
  9983 | D:8      | Noticed Pikel
  9996 | D:8      | Killed Pikel
  9996 | D:8      | Reached skill level 5 in Fighting
 10125 | D:8      | Found a burning altar of Makhleb.
 10145 | D:8      | Noticed a two-headed ogre
 10162 | D:8      | Killed a two-headed ogre
 10451 | D:8      | Noticed Joseph
 10486 | D:8      | Killed Joseph
 10595 | D:8      | Got a clouded tin ring
 10599 | D:8      | Identified the ring of Huedoen {rElec rN++ MR+ Dex-4 Slay+4} (You took it off an orc on level 8 of the Dungeon)
 10672 | D:8      | Reached skill level 9 in Conjurations
 10783 | D:8      | Noticed a two-headed ogre
 10833 | D:8      | Killed a two-headed ogre
 10833 | D:8      | Reached XP level 10. HP: 79/79 MP: 9/16
 10907 | D:8      | Noticed Maurice
 10959 | D:8      | Killed Maurice
 10959 | D:8      | Reached skill level 10 in Conjurations
 11015 | D:8      | Found a glowing silver altar of Zin.
 11015 | D:8      | Found a bloodstained altar of Trog.
 11445 | D:8      | Found a burning altar of Makhleb.
 11702 | D:8      | Found a bloodstained altar of Trog.
 11703 | D:8      | Found a glowing silver altar of Zin.
 11903 | D:9      | Found a stormy altar of Qazlal.
 11920 | D:9      | Found a basalt altar of Yredelemnul.
 11960 | D:9      | Found an ancient bone altar of Kikubaaqudgha.
 12070 | D:9      | Offered knowledge of Throw Frost by Vehumet.
 12163 | D:9      | Reached skill level 5 in Stealth
 12705 | D:9      | Reached *** piety under Vehumet
 12801 | D:9      | Offered knowledge of Iskenderun's Mystic Blast by Vehumet.
 12873 | D:9      | Found a staircase to the Orcish Mines.
 12873 | D:9      | Noticed a two-headed ogre
 12880 | D:9      | Killed a two-headed ogre
 12917 | D:9      | Found a shattered altar of Ashenzari.
 12948 | D:9      | Learned a level 4 spell: Iskenderun's Mystic Blast
 13036 | D:9      | Noticed Grum
 13047 | D:9      | Gained mutation: A demonic guardian rushes to your aid. [demonic ancestry]
 13047 | D:9      | Reached XP level 11. HP: 59/84 MP: 6/17
 13079 | D:9      | Killed Grum
 13351 | D:9      | Found a staircase to the Orcish Mines.
 13417 | D:9      | Found a basalt altar of Yredelemnul.
 13475 | D:9      | Found a stormy altar of Qazlal.
 13481 | D:9      | Found an ancient bone altar of Kikubaaqudgha.
 13753 | D:10     | Entered Level 10 of the Dungeon
 14069 | D:7      | Bought the ring "Noecer" {Wiz rF+ Int+4} for 733 gold pieces
 14147 | D:10     | Noticed a two-headed ogre
 14157 | D:10     | Killed a two-headed ogre
 14575 | D:10     | Reached **** piety under Vehumet
 14625 | D:10     | Reached skill level 1 in Fire Magic
 14663 | D:10     | Found Godghunaa's Magic Scroll Shop.
 14664 | D:10     | Found a staircase to the Lair.
 14681 | D:10     | Bought a scroll of teleportation for 45 gold pieces
 14681 | D:10     | Bought a scroll of teleportation for 45 gold pieces
 14741 | D:10     | Offered knowledge of Lee's Rapid Deconstruction by Vehumet.
 14754 | D:10     | Learned a level 5 spell: Lee's Rapid Deconstruction
 14814 | D:10     | Reached skill level 1 in Earth Magic
 15135 | D:10     | Found Godghunaa's Magic Scroll Shop.
 15483 | D:11     | Noticed Josephine
 15553 | D:11     | Killed Josephine
 15665 | D:11     | Got a pitted chain mail
 15912 | D:11     | Noticed Sonja
 15933 | D:11     | Killed Sonja
 15933 | D:11     | Reached skill level 5 in Earth Magic
 15962 | D:11     | Got a thick robe
 16066 | D:10     | Reached ***** piety under Vehumet
 16216 | D:11     | Offered knowledge of Irradiate by Vehumet.
 16304 | D:11     | Noticed a two-headed ogre
 16327 | D:11     | Killed a two-headed ogre
 16327 | D:11     | Reached skill level 5 in Spellcasting
 16385 | D:11     | Noticed Erica
 16446 | D:11     | Killed Erica
 16858 | D:12     | Noticed a deep elf mage
 16875 | D:12     | Killed a deep elf mage
 16897 | D:12     | Noticed a centaur warrior
 16913 | D:12     | Killed a centaur warrior
 16913 | D:12     | Reached XP level 12. HP: 28/92 MP: 21/21
 17215 | D:12     | Noticed a six-headed hydra
 17482 | D:12     | Killed a six-headed hydra
 17607 | D:12     | Reached skill level 5 in Short Blades
 17947 | D:10     | Bought a scroll of remove curse for 45 gold pieces
 18021 | D:12     | Noticed an ettin
 18021 | D:12     | Noticed a two-headed ogre
 18125 | D:12     | You fall through a shaft for 2 floors!
 18256 | D:13     | Noticed a two-headed ogre
 18264 | D:13     | Killed a two-headed ogre
 19026 | Lair:1   | Entered Level 1 of the Lair of Beasts
 19237 | Lair:1   | Reached skill level 5 in Dodging
 19270 | Lair:1   | Noticed Gastronok
 19288 | Lair:1   | Killed Gastronok
 19478 | Lair:1   | Identified the +1 robe of Agoraphobia {rPois rC+++ Dex-4 Stlth+} (You found it on level 11 of the Dungeon)
 19488 | Lair:1   | Identified the cursed +1 chain mail of Eluapt {rF+ Str+3} (You found it on level 11 of the Dungeon)
 20474 | Lair:2   | Noticed Urug
 20480 | Lair:2   | Found a labyrinth entrance.
 20515 | Lair:2   | Reached skill level 10 in Stealth
 20599 | Lab      | Entered a labyrinth
 21188 | Lab      | Noticed a minotaur
 21623 | Lab      | Killed a minotaur
 21630 | Lab      | Identified Loafo's Grimoire of Lightness and Beguiling
 21631 | Lab      | Got a translucent ivory ring
 21631 | Lab      | Got a transparent tin ring
 21640 | Lab      | Learned a level 6 spell: Freezing Cloud
 21816 | Lair:2   | Reached skill level 1 in Ice Magic
 21816 | Lair:2   | Gained mutation: You have hooves in place of feet. [demonic ancestry]
 21816 | Lair:2   | Reached XP level 13. HP: 85/98 MP: 13/22
 21941 | Lair:2   | Identified the ring "Qemeaf" {Fire Dex+2} (You found it in a labyrinth)
 21944 | Lair:2   | Identified the ring of Niptal {rCorr rF+ MR++ Str+4 Dex-4} (You found it in a labyrinth)
 22856 | Lair:2   | Killed Urug
 23825 | Lair:3   | Reached skill level 5 in Ice Magic
 23833 | Lair:3   | Noticed Nergalle
 23855 | Lair:3   | Killed Nergalle
 23942 | Lair:3   | Reached skill level 5 in Air Magic
 24131 | Lair:3   | Noticed Snorg
 24524 | Lair:3   | Found a hole to the Spider Nest.
 24786 | Lair:3   | Killed Snorg
 25039 | Lair:3   | Found a hole to the Spider Nest.
 25729 | Lair:4   | Found a staircase to the Swamp.
 25756 | Lair:4   | Offered knowledge of Spellforged Servitor by Vehumet.
 26305 | Lair:4   | Found a staircase to the Swamp.
 26944 | Lair:5   | Reached skill level 5 in Poison Magic
 27282 | Lair:5   | Found the +6 shillelagh "Devastator" {shatter}
 28179 | Lair:5   | Reached skill level 5 in Fire Magic
 28637 | Lair:5   | Learned a level 5 spell: Fireball
 29339 | Lair:6   | Entered Level 6 of the Lair of Beasts
 29665 | Lair:6   | Reached XP level 14. HP: 53/105 MP: 23/23
 29871 | Lair:6   | Reached skill level 1 in Shields
 29965 | Lair:6   | Found a staircase to the Slime Pits.
 30482 | Lair:6   | Offered knowledge of Bolt of Magma by Vehumet.
 30727 | Lair:6   | Reached skill level 11 in Conjurations
 31267 | Lair:6   | Reached skill level 12 in Conjurations
 32074 | Lair:6   | Found a staircase to the Slime Pits.
 33161 | D:13     | Found a gate to the Vaults.
 33473 | D:13     | Offered knowledge of Orb of Destruction by Vehumet.
 33635 | D:13     | Found a gate to the Vaults.
 34090 | D:14     | Got a transparent ring mail
 34101 | D:14     | Identified the +4 ring mail "Ucimpuj" {*Slow +Inv rCorr Dex+4} (You found it on level 14 of the Dungeon)
 34364 | D:14     | Gained mutation: You resist negative energy. (rN+) [demonic ancestry]
 34364 | D:14     | Reached XP level 15. HP: 47/110 MP: 18/24
 35498 | Orc:1    | Entered Level 1 of the Orcish Mines
 35841 | Orc:2    | Entered Level 2 of the Orcish Mines
 35880 | Orc:2    | Offered knowledge of Ozocubu's Refrigeration by Vehumet.
 35959 | Orc:1    | Learned a level 5 spell: Borgnjor's Vile Clutch
 36052 | Orc:2    | Noticed Donald
 36068 | Orc:2    | Killed Donald
 36158 | Orc:2    | Found a staircase to the Elven Halls.
 36300 | Orc:2    | Found a roughly hewn altar of Beogh.
 36302 | Orc:2    | Noticed Nessos
 36400 | Orc:2    | Killed Nessos
 37175 | Orc:2    | Reached skill level 1 in Necromancy
 37604 | Orc:2    | Noticed an orc warlord
 37627 | Orc:2    | Killed an orc warlord
 37627 | Orc:2    | Offered knowledge of Conjure Ball Lightning by Vehumet.
 37713 | Orc:2    | Found Imatsir's General Store.
 37714 | Orc:2    | Found Jaanuixa's Book Boutique.
 37715 | Orc:2    | Found Raug Jiq's Antique Armour Boutique.
 37715 | Orc:2    | Found Legeh's Antique Weapon Shop.
 37730 | Orc:2    | Bought a book of Enchantments for 650 gold pieces
 37887 | Elf:1    | Entered Level 1 of the Elven Halls
 38067 | Swamp:1  | Entered Level 1 of the Swamp
 39174 | Swamp:1  | Learned a level 6 spell: Conjure Ball Lightning
 39599 | Swamp:2  | Noticed a thorn hunter
 39606 | Swamp:2  | Killed a thorn hunter
 39869 | Swamp:2  | Paralysed by a Zot trap for 3 turns
 40170 | Swamp:2  | Found a runed door.
 40269 | Swamp:2  | Reached skill level 10 in Spellcasting
 40285 | Swamp:2  | Reached XP level 16. HP: 117/117 MP: 24/30
 40439 | Swamp:2  | Reached skill level 5 in Necromancy
 40499 | Swamp:2  | Got a bronze plate armour
 40510 | Swamp:2  | Identified the +6 plate armour "Mafirryd" {*Drain rCorr Dex+4} (You found it on level 2 of the Swamp)
 40621 | Swamp:2  | Found a white marble altar of Elyvilon.
 41247 | Swamp:3  | Reached ****** piety under Vehumet
 42024 | Swamp:4  | Entered Level 4 of the Swamp
 42136 | Swamp:4  | Offered knowledge of Bolt of Cold by Vehumet.
 42143 | Swamp:4  | Noticed the 27-headed Lernaean hydra
 42146 | Swamp:4  | Reached skill level 15 in Stealth
 42772 | Swamp:4  | Killed the 27-headed Lernaean hydra
 42805 | Swamp:4  | Noticed Mara
 42823 | Swamp:4  | HP: 4/117 [Mara (illusionary)/bolt of fire (12)]
 43459 | Swamp:4  | Noticed Kaname's illusion
 43461 | Swamp:4  | Killed Mara
 43474 | Swamp:4  | Got a decaying rune of Zot
 44330 | Spider:1 | Entered Level 1 of the Spider Nest
 44340 | Spider:1 | Paralysed by a hornet for 1 turns
 44935 | Spider:1 | Reached skill level 10 in Short Blades
 45433 | Spider:1 | Gained mutation: You are somewhat able to resist unholy torments (1 in 2 success). [demonic ancestry]
 45433 | Spider:1 | Reached XP level 17. HP: 124/124 MP: 31/31
 46337 | Spider:2 | Noticed Arachne
 46355 | Spider:2 | Reached skill level 10 in Fighting
 46759 | Spider:2 | Offered knowledge of Lehudib's Crystal Spear by Vehumet.
 46759 | Spider:2 | Offered knowledge of Fire Storm by Vehumet.
 46759 | Spider:2 | Offered knowledge of Chain Lightning by Vehumet.
 46863 | Spider:2 | Killed Arachne
 47000 | Spider:2 | Reached skill level 13 in Conjurations
 47657 | D:7      | Bought an uncursed ring of see invisible for 210 gold pieces
 47661 | D:7      | Bought an uncursed amulet of magic regeneration for 420 gold pieces
 49301 | Spider:3 | Reached skill level 14 in Conjurations
 49601 | Spider:4 | Entered Level 4 of the Spider Nest
 50898 | Spider:4 | Reached skill level 15 in Conjurations
 52232 | Spider:4 | Gained mutation: You are immune to clouds of flame. [demonic ancestry]
 52232 | Spider:4 | Reached XP level 18. HP: 114/134 MP: 26/32
 52665 | Spider:4 | Learned a level 8 spell: Discord
 53290 | Spider:4 | Paralysed by a hornet for 1 turns
 53437 | Spider:4 | Reached skill level 16 in Conjurations
 53522 | Spider:4 | Got a gossamer rune of Zot
 54091 | D:5      | Found a staircase to the Ecumenical Temple.
 54205 | Temple   | Entered the Ecumenical Temple
 54443 | Elf:1    | Reached skill level 1 in Hexes
 54838 | Elf:1    | Found Bapnof's Assorted Antiques.
 54846 | Elf:1    | Bought a potion of curing for 138 gold pieces
 55289 | Elf:1    | Reached skill level 5 in Hexes
 55876 | Elf:1    | Noticed Aizul
 56149 | Elf:1    | Killed Aizul
 56361 | Elf:1    | Identified the Tome of Creative Confrontation
 56495 | Elf:1    | Got a polished buckler
 56507 | Elf:1    | Identified the cursed +0 buckler "Fammicw" {+Inv rC+ Int-4} (You took it off a deep elf mage on level 1 of the Elven Halls)
 57369 | Elf:2    | Found a runed gate.
 57369 | Elf:2    | Found a runed gate.
 57370 | Elf:2    | Found a runed gate.
 57562 | Elf:2    | Reached skill level 10 in Hexes
 57974 | Elf:2    | Noticed flinch's ghost (adept DrMo)
 58038 | Elf:2    | Killed flinch's ghost
 58279 | Elf:2    | Reached XP level 19. HP: 58/140 MP: 29/33
 58910 | Elf:3    | Entered Level 3 of the Elven Halls
 58928 | Elf:3    | Found a magical portal.
 59043 | Elf:3    | Found Pocin's General Store.
 59056 | Elf:3    | Bought a scroll of summoning for 161 gold pieces
 59056 | Elf:3    | Bought a scroll of enchant weapon for 127 gold pieces
 59056 | Elf:3    | Bought a ration for 85 gold pieces
 59056 | Elf:3    | Bought a ration for 85 gold pieces
 59314 | WizLab   | Entered Wucad Mu's Monastery
 59518 | WizLab   | Found the +9 staff of Wucad Mu {channel}
 59554 | WizLab   | Reached XP level 20. HP: 64/150 MP: 30/34
 59986 | Elf:3    | Cast into level 2 of the Abyss (a deep elf sorcerer)
 60151 | Elf:3    | Escaped the Abyss
 60253 | Elf:3    | Shot with an arrow by a deep elf master archer

Vault maps used:
D:1:      lemuel_arrival_hallway
D:2:      led_sif_pool, kennysheep_slug_shrine, uniq_jessica
D:3:      lemuel_doored_altar, lemuel_round_altar, first_ration
D:4:      kennysheep_the_goblin_king, xom_confusion_cloud, lemuel_crystal_altar,
          minmay_misc_feat_hallway, uniq_ijyb, uniq_eustachio
D:5:      lemuel_coloured_pillars_altar, temple_pool_b
D:6:      uniq_edmund
D:7:      nicolae_ossuary_entry_ruins, serial_shops, shop
D:8:      overflow_temple_1_default, gammafunk_temple_overflow_wave,
          uniq_joseph, uniq_maurice, uniq_pikel
D:9:      grunt_temple_overflow_open, lemuel_crystal_altar, lemuel_round_altar,
          david_orc_4, uniq_grum
D:10:     david_lair_shrubbed, serial_shops, shop
D:11:     uniq_erica, uniq_sonja, uniq_josephine
D:12:     hourglass_vault, grunt_pizzeria
D:13:     erik_vaults_1
D:14:     dragon1_lemuel
Temple:   corrupted_temple
Lair:1:   uniq_gastronok
Lair:2:   lab_entry_generic, cheibrodos_lair_lostbears,
          infiniplex_staircase_pool, uniq_urug
Lair:3:   beast_lair_carwin_large_3, nicolae_spider_entry_orb_guardian,
          minmay_lair_oklob_chamber, serial_bayou_shore_b, uniq_snorg,
          uniq_nergalle
Lair:4:   swamp_mist
Lair:5:   ice2_lemuel
Lair:6:   minmay_lair_end_enchanted_forest, minmay_slime_entry_jelly_boxes,
          serial_bayou_pond_c, minivault_24
Swamp:1:  evilmike_swamp_ruin_house_5
Swamp:2:  gammafunk_mikee_crab_dinner, basic_altar, infiniplex_staircase_pool_2
Swamp:3:  nicolae_swamp_trees_clearing, kb_tengu_band
Swamp:4:  swamp, uniq_mara
Spider:2: zaba_anthell, uniq_arachne
Spider:4: spider_rune_water, hangedman_stitches_earthworm
Orc:2:    st_orc_congregation, basic_altar, uniq_donald, uniq_nessos
Elf:1:    elf_arrival_002, serial_shops, nicolae_shop_stone, minmay_elf_sorcery,
          uniq_aizul
Elf:3:    grunt_elf_hall_diamonds, mu_enter_wizlab_2, serial_shops,
          nicolae_shop_trees
Lab:      labyrinth_glass_1, nicolae_lab_hexagon, nicolae_lab_lava,
          nicolae_lab_dead_end
Ossuary:  ossuary_tomb_3
WizLab:   wizlab_wucad

Skill      XL: |  1  2  3  4  5  6  7  8  9 10 11 12 13 14 15 16 17 18 19 20 |
---------------+-------------------------------------------------------------+-----
Conjurations   | 2 3 4 5 6 8 9 10 12 15 16 | 16.0
Translocations | 1 |  1.0
Stealth        | 3 4 9 10 12 14 15 | 15.0
Poison Magic   | 3 4 6 |  6.0
Spellcasting   | 4 6 10 | 10.0
Air Magic      | 1 2 4 6 |  6.0
Short Blades   | 2 4 6 10 | 10.0
Fighting       | 2 7 8 10 11 | 11.1
Fire Magic     | 1 5 6 |  6.0
Earth Magic    | 6 |  6.0
Dodging        | 7 |  7.1
Ice Magic      | 1 6 |  6.2
Shields        | 4 |  4.0
Necromancy     | 4 7 |  7.1
Hexes          | 11 12 14 | 14.1
Summonings     | |  1.0

Action                   |  1- 3 |  4- 6 |  7- 9 | 10-12 | 13-15 | 16-18 | 19-21 || total
-------------------------+-------+-------+-------+-------+-------+-------+-------++-------
Melee: Dagger            |    28 |   101 |   239 |   548 |  1058 |  1250 |    72 ||  3296
       Kick              |       |     9 |    40 |    76 |   185 |   266 |    18 ||   594
 Cast: Magic Dart        |    50 |    64 |   177 |   111 |       |       |       ||   402
       Mephitic Cloud    |       |     1 |     5 |    18 |     1 |       |       ||    25
       Conjure Flame     |       |       |     4 |    26 |     4 |       |       ||    34
       Blink             |       |       |     1 |     4 |    14 |     7 |     2 ||    28
       Iskenderun's Myst |       |       |       |    57 |    38 |       |       ||    95
       Lee's Rapid Decon |       |       |       |    16 |    12 |    15 |     3 ||    46
       Freezing Cloud    |       |       |       |       |    91 |   105 |    21 ||   217
       Fireball          |       |       |       |       |   100 |   169 |    18 ||   287
       Borgnjor's Vile C |       |       |       |       |     2 |   139 |    23 ||   164
       Conjure Ball Ligh |       |       |       |       |       |    16 |       ||    16
Evoke: Wand              |       |       |    17 |    42 |    17 |    30 |     1 ||   107
       Box of beasts     |       |       |       |       |       |     2 |       ||     2
  Use: Scroll            |     5 |     2 |    10 |    17 |    11 |    12 |     6 ||    63
       Potion            |       |       |     1 |     2 |     4 |    19 |     2 ||    28
 Stab: Sleeping          |     3 |     6 |     1 |    12 |    14 |    22 |     2 ||    60
       Distracted        |       |       |     3 |     1 |     9 |     7 |       ||    20
       Confused          |       |       |     4 |     9 |       |       |       ||    13
       Invisible         |       |       |       |       |     1 |       |       ||     1
       Paralysed         |       |       |       |       |       |     2 |       ||     2
       Held in net/web   |       |       |       |       |       |     1 |       ||     1
  Eat: Chunk             |     4 |     6 |    14 |    42 |    73 |    49 |     6 ||   194
       Ration            |       |     2 |       |     1 |    15 |    23 |     3 ||    44
Armor: Robe              |     6 |     7 |       |       |       |       |       ||    13
       Ring mail         |       |     8 |    44 |    83 |       |       |       ||   135
       Troll leather arm |       |       |       |    18 |   145 |   335 |    17 ||   515
Dodge: Dodged            |    23 |    56 |   143 |   244 |   498 |   638 |    40 ||  1642
Block: Buckler           |       |       |       |       |   185 |   208 |    11 ||   404

Table legend:
 A = Spawn XP
 B = Non-spawn XP
 C = Spawn XP percentage of total XP
 D = Spawn monster count
 E = Non-spawn monster count
 F = Spawn count percentage of total count
 G = Total turns spent on level
                    A         B        C        D         E        F      G
               +---------+---------+-------+---------+---------+-------+---------
         Total |       0 |  427171 |   0.0 |       0 |    1377 |   0.0 | 60253
               +---------+---------+-------+---------+---------+-------+---------
           D:1 |       0 |      20 |   0.0 |       0 |      14 |   0.0 |  1322
           D:2 |       0 |     168 |   0.0 |       0 |      14 |   0.0 |  1062
           D:3 |       0 |     124 |   0.0 |       0 |      18 |   0.0 |  1648
           D:4 |       0 |     304 |   0.0 |       0 |      20 |   0.0 |  2034
           D:5 |       0 |     671 |   0.0 |       0 |      22 |   0.0 |  1486
           D:6 |       0 |    1142 |   0.0 |       0 |      19 |   0.0 |  1381
           D:7 |       0 |     736 |   0.0 |       0 |      26 |   0.0 |   980
           D:8 |       0 |    3337 |   0.0 |       0 |      14 |   0.0 |  2038
           D:9 |       0 |    4769 |   0.0 |       0 |      66 |   0.0 |  2307
          D:10 |       0 |    2419 |   0.0 |       0 |      24 |   0.0 |  1696
          D:11 |       0 |    8179 |   0.0 |       0 |      60 |   0.0 |  1784
          D:12 |       0 |    7271 |   0.0 |       0 |      34 |   0.0 |  2159
          D:13 |       0 |    5424 |   0.0 |       0 |      26 |   0.0 |  1127
          D:14 |       0 |   11577 |   0.0 |       0 |      33 |   0.0 |  1560
        Lair:1 |       0 |    7345 |   0.0 |       0 |      29 |   0.0 |  1372
        Lair:2 |       0 |    6109 |   0.0 |       0 |      31 |   0.0 |  2345
        Lair:3 |       0 |    9433 |   0.0 |       0 |      30 |   0.0 |  1980
        Lair:4 |       0 |    2149 |   0.0 |       0 |       8 |   0.0 |  1833
        Lair:5 |       0 |    9358 |   0.0 |       0 |      46 |   0.0 |  2239
        Lair:6 |       0 |   24542 |   0.0 |       0 |     109 |   0.0 |  2937
       Swamp:1 |       0 |   13729 |   0.0 |       0 |      46 |   0.0 |  1292
       Swamp:2 |       0 |   19803 |   0.0 |       0 |      36 |   0.0 |  1380
       Swamp:3 |       0 |   10456 |   0.0 |       0 |      24 |   0.0 |  1466
       Swamp:4 |       0 |   35231 |   0.0 |       0 |      49 |   0.0 |  1950
      Spider:1 |       0 |   12962 |   0.0 |       0 |      35 |   0.0 |  1776
      Spider:2 |       0 |   26389 |   0.0 |       0 |      95 |   0.0 |  1406
      Spider:3 |       0 |   22271 |   0.0 |       0 |      63 |   0.0 |  3194
      Spider:4 |       0 |   35054 |   0.0 |       0 |      77 |   0.0 |  2659
         Orc:1 |       0 |    3284 |   0.0 |       0 |      41 |   0.0 |  1144
         Orc:2 |       0 |   16970 |   0.0 |       0 |      97 |   0.0 |  1308
         Elf:1 |       0 |   29182 |   0.0 |       0 |      44 |   0.0 |  2374
         Elf:2 |       0 |   51092 |   0.0 |       0 |      69 |   0.0 |  2107
         Elf:3 |       0 |   43296 |   0.0 |       0 |      40 |   0.0 |   851
           Lab |       0 |    1027 |   0.0 |       0 |       1 |   0.0 |  1049
       Ossuary |       0 |     176 |   0.0 |       0 |      16 |   0.0 |   474
        WizLab |       0 |    1172 |   0.0 |       0 |       1 |   0.0 |   327
               +---------+---------+-------+---------+---------+-------+---------
